 Dungeon Crawl Stone Soup version 0.30-b1-2-g02819fbbbe (webtiles) character file.

Game seed: 10971863915914382067

24 Mesmaeker13 the Caller (level 2, -1/20 HPs)
             Began as a Demigod Summoner on Aug 7, 2023.
             Slain by a kobold
             ... wielding a +0 short sword
              (3 damage)
             ... on level 1 of the Dungeon.
             The game lasted 00:01:40 (1242 turns).

Mesmaeker13 the Caller (Demigod Summoner)           Turns: 1242, Time: 00:01:41

Health: -1/20      AC:  2    Str:  9    XL:     2   Next: 60%
Magic:  3/7        EV: 12    Int: 17    God:
Gold:   37         SH:  0    Dex: 14    Spells: 2/5 levels left

rFire   . . .        d - +2 long sword (heavy)
rCold   . . .        (no shield)
rNeg    . . .        a - +0 robe
rPois   .            (no helmet)
rElec   .            (no cloak)
rCorr   .            (no gloves)
SInv    .            (no boots)
Will    .....        (no amulet)
Stlth   ++           (no ring)
HPRegen 0.23/turn    (no ring)
MPRegen 0.10/turn

%: no passive effects
@: no status effects
A: high MP 1, forlorn, divine attributes
a: no special abilities


You were on level 1 of the Dungeon.
You visited 1 branch of the dungeon, and saw 2 of its levels.

You collected 37 gold pieces.

Inventory:

Hand Weapons
 d - a +2 heavy long sword (weapon)
 f - a +0 spear
Missiles
 i - 2 throwing nets
Armour
 a - a +0 robe (worn)
Scrolls
 e - a scroll of teleportation {unknown}
 h - a scroll of amnesia {unknown}
 k - a scroll of brand weapon {unknown}
Potions
 b - a potion of magic
 c - a potion of mutation {unknown}
 g - 2 potions of cancellation {unknown}
 j - a potion of berserk rage {unknown}
 l - a potion of flight {unknown}


   Skills:
 + Level 2.2 Dodging
 - Level 1.7 Stealth
 + Level 2.2 Spellcasting
 + Level 3.9 Summonings


You had 2 spell levels left.
You knew the following spells:

 Your Spells              Type           Power      Damage    Failure   Level
a - Summon Small Mammal   Summ           60%        N/A       3%          1
b - Call Imp              Summ           30%        N/A       5%          2

Your spell library contained the following spells:

 Spells                   Type           Power      Damage    Failure   Level
 Call Canine Familiar     Summ           15%        N/A       11%         3
 Summon Guardian Golem    Hex/Summ       8%         N/A       26%         3
 Summon Lightning Spire   Summ/Air       8%         N/A       63%         4


Dungeon Overview and Level Annotations

Branches:
Dungeon (2/15)

Annotations:
D:1 1 runed translucent door


Innate Abilities, Weirdness & Mutations

You have an increased reservoir of magic. (+10% MP)
You shall have no god before yourself.
Your divine heritage dramatically boosts your attributes as you level up.


Message History

Your bat hits the bat. The adder bites you.
Your rat bites the adder.
Your bat barely misses the goblin.
The kobold hits you with a +0 short sword.
The goblin barely misses your rat. The adder closely misses you.
The bat closely misses you.
Your rat closely misses the adder.
You climb upwards.
Your summoned ally is left behind.
Level annotation: 1 runed translucent door
There is a stone staircase leading down here.
Casting: Summon Small Mammal (safe; 3% risk of failure)
Confirm with . or Enter, or press ? or * to list all spells.
A tiny devil pulls itself out of the air.
The adder bites you.
The kobold hits you with a +0 short sword.
The adder bites you.
You are poisoned.
The adder poisons you!
You feel sick. The kobold barely misses you. The adder misses you.
Your cerulean imp hits the adder with a -3 spear.
You miss the adder.
The adder is heavily wounded.
You feel very sick. The adder bites you.
The kobold hits you but does no damage. The adder closely misses you.
Your cerulean imp closely misses the adder.
The kobold barely misses you.
Your cerulean imp misses the adder.
The adder bites you.
* * * LOW HITPOINT WARNING * * *
The kobold hits you but does no damage.
You closely miss the adder.
The adder is heavily wounded.
You feel sick.
You are no longer poisoned.
The adder closely misses you.
Your cerulean imp hits the adder with a -3 spear.
The adder dies!
The kobold hits you with a +0 short sword.
* * * LOW HITPOINT WARNING * * *
The kobold hits you with a +0 short sword.
You die...

#.# #.......# # #.# #.......#
######### # #.# #####.......#
#.......# # #.#
#...#.......####.......# # #.#
#...#.......'..'.......# ### #.#
#...#.......####.......# #.. #.#
#...##.###### ####'#### #..
#.###...###############.#### #..
#.#.'...'......K@5.........####..
#.#.#...############.............
#.#.#...# #...................
#.#.##### #.########.###..##..
#.#.# ##.########.####.##.. #.#.#
#...##......#........ #.#.#
#...##......#........ #.#.#
#....#......#........ #.#.#
#....#......#........


You could see a kobold (ally target) and a friendly cerulean imp (summoned).

Vanquished Creatures
  A ball python (D:1)
  2 endoplasms (D:1)
  2 giant cockroaches (D:1)
  2 goblins (D:1)
  2 jackals (D:1)
  A kobold (D:1)
  2 frilled lizards (D:1)
  2 rats (D:1)
14 creatures vanquished.

Vanquished Creatures (collateral kills)
  An adder (D:1)
  A goblin (D:1)
  2 hobgoblins (D:1)
  A kobold (D:1)
  A quokka (D:2)
  A rat (D:1)
7 creatures vanquished.

Grand Total: 21 creatures vanquished

Notes
Turn   | Place    | Note
-------+----------+-------------------------------------------
     0 | D:1      | Mesmaeker13 the Demigod Summoner began the quest for the
                  | Orb.
     0 | D:1      | Reached XP level 1. HP: 14/14 MP: 5/5
     1 | D:1      | Found a runed translucent door.
     2 | D:1      | Noticed a jelly
   275 | D:1      | Reached XP level 2. HP: 20/20 MP: 7/7
  1224 | D:1      | Learned a level 2 spell: Call Imp
  1242 | D:1      | Slain by a kobold

Illustrated notes

Levels and vault maps discovered:
D:1:      dpeg_arrival_caged_fury, layout_basic, chequers_big_river
D:2:      wad_woods_stonehenge, layout_rooms, nicolae_wormholes

Skill      XL: |  1 |
---------------+----+-----
Dodging        | 2 |  2.2
Spellcasting   | 2 |  2.2
Stealth        | |  1.7
Summonings     | |  3.9

Action                     || total
---------------------------++-------
  Melee: Long sword        ||    40
         Dagger            ||     4
         Unarmed           ||     2
   Cast: Summon Small Mamm ||    16
         Call Imp          ||     2
   Stab: Distracted        ||     1
         Sleeping          ||     1
 Armour: Robe              ||    22
  Dodge: Dodged            ||    60
